 Dungeon Crawl Stone Soup version 0.25.0-9-g26727b657a (webtiles) character file.

Game seed: 4726859993037696359

8001 Krehm the Geomancer (level 11, -8/68 HPs)
             Began as a Gargoyle Earth Elementalist on June 19, 2020.
             Was a Priest of Sif Muna.
             Mangled by a large abomination (25 damage)
             ... on level 3 of the Abyss.
             The game lasted 01:59:21 (14484 turns).

Krehm the Geomancer (Gargoyle Earth Elementalist)  Turns: 14484, Time: 01:59:22

Health: -8/68      AC: 11    Str: 12    XL:     11   Next: 24%
Magic:  0/24       EV: 12    Int: 19    God:    Sif Muna [***...]
Gold:   350        SH:  0    Dex: 10    Spells: 3/28 levels left

rFire    . . .     SeeInvis +   H - staff of wizardry
rCold    + . .     Gourm    .   (no shield)
rNeg     + . .     Faith    .   G - +0 steam dragon scales
rPois    ∞         Spirit   .   j - +0 helmet
rElec    +         Reflect  .   R - scarf {+Inv}
rCorr    .         Harm     .   (no gloves)
MR       .....     Rnd*Rage +   (no boots) Stlth ++........Rnd*Tele +
                                s - amulet of the acrobat
HPRegen  0.21/turn              c - ring of protection from cold
MPRegen  0.19/turn              e - ring of see invisible

@: about to teleport
A: [berserk 2], [blurry vision 2], [deformed body], negative energy resistance
1, electricity resistance, [teleportitis 2], unbreathing, petrification
resistance, [no potion heal 2], rot immunity, AC +8
a: Channel Magic, Forget Spell, Renounce Religion, Evoke Invisibility


You were on level 3 of the Abyss.
You worshipped Sif Muna.
Sif Muna was most pleased with you.
You were not hungry.

You visited 1 branch of the dungeon, and saw 11 of its levels.
You visited the Abyss 1 time.

You collected 625 gold pieces.
You spent 275 gold pieces at shops.

Inventory:

Hand Weapons
 I - a +1 dagger of speed
 J - a +2 short sword of electrocution
Missiles
 b - 30 stones
 g - 10 poisoned darts (quivered)
 u - 4 javelins
 w - 8 datura-tipped darts
 L - 7 atropa-tipped darts
 M - a throwing net
Armour
 h - the +1 hat of Muttered Phrases {Harm rC++ Stlth-}
   (You found it on level 7 of the Dungeon)

   It greatly protects you from cold.
   It increases damage dealt and taken.
   It makes you less stealthy.
 j - a +0 helmet (worn)
 G - +0 steam dragon scales (worn)
 R - a scarf of invisibility (worn)
 T - the +2 robe of Bad Feelings {rElec rC+ Str+2 Dex+4}
   (You found it on level 1 of the Abyss)

   It affects your strength (+2).
   It affects your dexterity (+4).
   It protects you from cold.
   It insulates you from electricity.
Magical Staves
 l - an uncursed staff of summoning {unknown}
 q - an uncursed staff of air
 H - an uncursed staff of wizardry (weapon)
Jewellery
 c - a ring of protection from cold (left hand)
 e - a ring of see invisible (right hand)
 s - an amulet of the acrobat (around neck)
 P - an uncursed ring of protection from cold
Wands
 o - a wand of disintegration (5)
 p - a wand of polymorph (12)
 r - a wand of acid (19)
 x - a wand of enslavement (7)
 B - a wand of paralysis (2)
 N - a wand of clouds (9)
 O - a wand of iceblast (11)
Scrolls
 a - 6 scrolls of teleportation
 f - a scroll of silence {unknown}
 y - 3 scrolls of remove curse
 z - 2 scrolls of enchant armour {unknown}
 E - 3 scrolls of immolation {unknown}
 K - a scroll of holy word {unknown}
 Q - 5 scrolls of identify
 S - 2 scrolls of fog
 U - a scroll of enchant weapon {unknown}
 W - a scroll of fear {unknown}
Potions
 i - a potion of might
 k - 3 potions of lignification {unknown}
 m - 3 potions of resistance
 n - 3 potions of mutation
 t - 3 potions of flight
 v - a potion of brilliance {unknown}
 A - 2 potions of berserk rage {unknown}
 C - a potion of haste {unknown}
 D - 3 potions of curing
 F - a potion of magic {unknown}
 V - 2 potions of invisibility {unknown}
Comestibles
 d - 14 rations


   Skills:
 + Level 7.7 Fighting
 - Level 1.5 Dodging
 - Level 2.1 Stealth
 + Level 9.0 Spellcasting
 - Level 2.0 Conjurations
 + Level 3.7 Hexes
 + Level 2.8 Summonings
 + Level 4.5 Transmutations
 - Level 10.5 Earth Magic
 + Level 4.6 Invocations


You had 3 spell levels left.
You knew the following spells:

 Your Spells              Type           Power        Failure   Level  Hunger
a - Sandblast             Erth           #####.       1%          1    None
b - Stone Arrow           Conj/Erth      ####..       1%          3    None
c - Passwall              Tmut/Erth      #####...     1%          2    None
d - Petrify               Tmut/Erth      #####...     1%          4    ###....
e - Lee's Rapid Deconstr  Erth           #####.....   1%          5    #####..
f - Yara's Violent Unrav  Hex/Tmut       ###.......   16%         5    #####..
g - Summon Mana Viper     Hex/Summ       ###.....     24%         5    #####..

Your spell library contained the following spells:

 Spells                   Type           Power        Failure   Level  Hunger
 Corona                   Hex            ###....      1%          1    None
 Summon Butterflies       Summ           ###.....     1%          1    None
 Summon Small Mammal      Summ           ###.         1%          1    None
 Foxfire                  Conj/Fire      ##..         2%          1    None
 Shock                    Conj/Air       ##..         2%          1    None
 Confusing Touch          Hex            ###.....     2%          3    None
 Animate Skeleton         Necr           N/A          3%          1    None
 Apportation              Tloc           #.....       3%          1    None
 Pain                     Necr           #...         3%          1    None
 Call Canine Familiar     Summ           ###.....     3%          3    None
 Swiftness                Chrm/Air       #.......     4%          2    None
 Inner Flame              Hex/Fire       ###.....     4%          3    None
 Conjure Flame            Conj/Fire      ##......     6%          3    None
 Static Discharge         Conj/Air       ##......     6%          3    None
 Gell's Gravitas          Tloc           #.........   10%         3    None
 Vampiric Draining        Necr           #.........   10%         3    None
 Summon Ice Beast         Ice/Summ       ##......     19%         4    ###....
 Sticky Flame             Conj/Fire      ##......     21%         4    ###....
 Airstrike                Air            #.........   32%         4    ###....
 Animate Dead             Necr           N/A          32%         4    ###....
 Metabolic Englaciation   Hex/Ice        ###.......   38%         5    #####..
 Fireball                 Conj/Fire      ##........   50%         5    #####..
 Lightning Bolt           Conj/Air       ##........   50%         5    #####..
 Agony                    Necr           #.......     63%         5    #####..
 Summon Hydra             Summ           ###.......   100%        7    #######


Dungeon Overview and Level Annotations

Branches:
Dungeon (11/15)            Temple (0/1) D:5            Lair (0/6) D:9
    Orc (0/2) D:9

Altars:
Ashenzari
Dithmenos
Nemelex Xobeh
Sif Muna

Shops:
D:4 *

Annotations:
D:5 1 runed translucent door, exclusion: door, Crazy Yiuf
D:9 1 runed translucent door
D:11 Sonja


Innate Abilities, Weirdness & Mutations

You are resistant to torment.
Your stone body is resilient. (AC +8)
You are immune to poison.
You resist negative energy. (rN+)
You are resistant to electric shocks. (rElec)
You can survive without breathing.
You are immune to petrification.
You are immune to rotting.
[You often lose your temper in combat.]
[Scrolls take you longer to read.]
[Armour fits poorly on your strangely shaped body.]
[You are sometimes teleported next to monsters.]
[Potions are poor at restoring your health.]


Message History

b - 31 stones The wretched star pulses with an eldritch light!
Your vision blurs. x2
The large abomination hits you.
Casting: Sandblast (safe; 1% risk of failure)
Confirm with . or Enter, or press ? or * to list all spells.
Aiming: Sandblast (safe; 1% risk of failure)
Press: ? - help, Shift-Dir - straight line, f/p - wretched star
Aim: a wretched star (moderately damaged)
The blast of sand hits the wretched star!
The wretched star is heavily damaged.
b - 30 stones A starcursed mass splits.
The wretched star glows turbulently.
The lance of force hits you!!
You are knocked back by the lance of force.
You slam into the stone wall!
* * * LOW HITPOINT WARNING * * *
The large abomination hits you!!
You die...

.... ####..# #.#.
..... ..##. ##. # #
..... #.##.# ...#
#...######.##.....##
#....#.#...##. #...
#. .XXX..#.#.#. ...#
##.##XX. #.... .. #
#X*# ##.##X... #
##@# # .#...# ##§§
#.# ..... ## _# . .
##.. #.. # # .. .# .


You could see 5 starcursed masses, a wretched star and a large abomination.

Vanquished Creatures
  A two-headed ogre (D:8)
  An unseen horror (D:10)
  A wizard (D:7)
  An orange demon (Abyss:3)
  Maggie (D:7)
  An ancient zyme (Abyss:1)
  A troll (D:10)
  A hippogriff (D:8)
  Sigmund (D:5)
  A small abomination (Abyss:1)
  2 yaks (D:9)
  2 hungry ghosts (D:8)
  Duvessa (D:7)
  3 orc warriors
  5 sky beasts
  3 ice beasts
  6 ogres
  A phantom (D:9)
  3 centaurs
  2 big kobolds
  6 bullfrogs
  A gnoll sergeant (D:8)
  2 scorpions
  3 killer bees (D:9)
  5 wights
  4 howler monkeys
  A crimson imp (D:11)
  2 bullfrog zombies (D:6)
  2 jellies
  5 hounds
  A gnoll shaman (D:4)
  4 orc priests
  2 bullfrog skeletons
  An iguana (D:9)
  6 orc wizards
  4 worker ants
  12 gnolls
  10 adders
  4 shadow imps
  2 oozes
  An adder skeleton (D:4)
  6 worms
  3 dart slugs
  3 leopard geckos
  32 orcs
  8 bats
  7 giant cockroaches
  9 goblins
  8 hobgoblins
  2 jackals (D:2)
  8 quokkas
  2 ball pythons
  8 frilled lizards
  4 jackal skeletons
  A jackal zombie (D:7)
  11 kobolds
  2 leopard gecko skeletons
  A leopard gecko zombie (D:8)
  A quokka zombie (D:7)
  5 rats
237 creatures vanquished.

Vanquished Creatures (collateral kills)
  Dowan (D:7)
  A jackal zombie (D:4)
2 creatures vanquished.

Vanquished Creatures (others)
  A lurking horror (Abyss:3)
  10 starspawn tentacles (Abyss:1)
11 creatures vanquished.

Grand Total: 250 creatures vanquished

Notes
Turn   | Place    | Note
-------+----------+-------------------------------------------
     0 | D:1      | Krehm the Gargoyle Earth Elementalist began the quest for
                  | the Orb.
     0 | D:1      | Reached XP level 1. HP: 10/10 MP: 3/3
   229 | D:1      | Reached skill level 4 in Earth Magic
   229 | D:1      | Reached XP level 2. HP: 15/15 MP: 3/5
  1090 | D:2      | Reached XP level 3. HP: 11/19 MP: 6/6
  2171 | D:2      | Reached XP level 4. HP: 24/24 MP: 8/8
  2183 | D:2      | Learned a level 3 spell: Stone Arrow
  2186 | D:2      | Learned a level 2 spell: Passwall
  2525 | D:3      | Reached skill level 5 in Earth Magic
  2642 | D:3      | Reached skill level 1 in Conjurations
  2642 | D:3      | Reached XP level 5. HP: 28/28 MP: 3/10
  2978 | D:3      | Learned a level 4 spell: Petrify
  4256 | D:4      | Found Gem Yff's General Store.
  4331 | D:4      | Found a shadowy altar of Dithmenos.
  4346 | D:4      | Found a shimmering blue altar of Sif Muna.
  4363 | D:4      | Found a shattered altar of Ashenzari.
  4379 | D:4      | Found a sparkling altar of Nemelex Xobeh.
  4569 | D:4      | Became a worshipper of Sif Muna the Loreminder
  4745 | D:4      | Reached XP level 6. HP: 32/32 MP: 11/11
  4749 | D:4      | Reached skill level 6 in Earth Magic
  4903 | D:4      | Reached skill level 1 in Transmutations
  4903 | D:4      | Reached XP level 7. HP: 36/36 MP: 10/13
  5261 | D:4      | Learned a level 5 spell: Lee's Rapid Deconstruction
  5262 | D:5      | Entered Level 5 of the Dungeon
  5582 | D:5      | Found a staircase to the Ecumenical Temple.
  5842 | D:5      | Reached skill level 7 in Earth Magic
  5958 | D:5      | Found a runed translucent door.
  5959 | D:5      | Noticed Crazy Yiuf
  6020 | D:5      | Noticed Sigmund
  6039 | D:5      | Killed Sigmund
  6039 | D:5      | Reached skill level 5 in Spellcasting
  6367 | D:6      | Reached XP level 8. HP: 40/41 MP: 12/16
  6419 | D:6      | Reached * piety under Sif Muna
  6478 | D:6      | Reached skill level 8 in Earth Magic
  6703 | D:4      | Bought an uncursed staff of wizardry for 275 gold pieces
  6896 | D:6      | Reached skill level 1 in Fighting
  8093 | D:7      | Noticed a wizard
  8096 | D:7      | Noticed Maggie
  8099 | D:7      | Killed a wizard
  8099 | D:7      | Reached skill level 9 in Earth Magic
  8099 | D:7      | Reached XP level 9. HP: 11/52 MP: 11/19
  8382 | D:7      | Killed Maggie
  8492 | D:7      | Got a blackened hat
  8496 | D:7      | Identified the +1 hat of Muttered Phrases {Harm rC++
                  | Stlth-} (You found it on level 7 of the Dungeon)
  8822 | D:7      | Reached skill level 5 in Fighting
  8896 | D:7      | Reached skill level 10 in Earth Magic
  9150 | D:7      | Noticed Duvessa
  9151 | D:7      | Killed Dowan
  9155 | D:7      | Killed Duvessa
  9155 | D:7      | Reached ** piety under Sif Muna
 10236 | D:8      | Reached XP level 10. HP: 60/60 MP: 19/21
 10246 | D:8      | Learned a level 5 spell: Yara's Violent Unravelling
 10348 | D:8      | Reached skill level 1 in Invocations
 10437 | D:8      | Noticed a two-headed ogre
 10441 | D:8      | Killed a two-headed ogre
 10441 | D:8      | Reached skill level 1 in Hexes
 11150 | D:9      | Learned a level 5 spell: Summon Mana Viper
 11269 | D:9      | Reached skill level 1 in Summonings
 11392 | D:9      | Found a runed translucent door.
 11392 | D:9      | Noticed a sixfirhy
 11486 | D:9      | Found a staircase to the Orcish Mines.
 11597 | D:9      | Found a staircase to the Lair.
 11877 | D:9      | Reached *** piety under Sif Muna
 12335 | D:10     | Entered Level 10 of the Dungeon
 13052 | D:10     | Reached XP level 11. HP: 67/67 MP: 13/23
 13161 | D:10     | Noticed an unseen horror
 13165 | D:10     | Killed an unseen horror
 13928 | D:11     | Noticed Sonja
 13934 | D:11     | Cast into level 1 of the Abyss (Sonja)
 13934 | Abyss:1  | Found a corrupted altar of Lugonu.
 14009 | Abyss:1  | Got a faintly humming robe
 14069 | Abyss:1  | Noticed a starcursed mass
 14186 | Abyss:1  | Noticed a tentacled starspawn
 14197 | Abyss:1  | Noticed a sixfirhy
 14202 | Abyss:1  | Noticed a tentacled starspawn
 14241 | Abyss:2  | Identified the +2 robe of Bad Feelings {rElec rC+ Str+2
                  | Dex+4} (You found it on level 1 of the Abyss)
 14270 | Abyss:2  | Noticed a thrashing horror
 14464 | Abyss:3  | Noticed a large abomination
 14467 | Abyss:3  | Found a corrupted altar of Lugonu.
 14471 | Abyss:3  | Noticed a starcursed mass
 14472 | Abyss:3  | Noticed a wretched star
 14484 | Abyss:3  | Mangled by a large abomination

Illustrated notes

Levels and vault maps discovered:
D:1:      nicolae_arrival_washed_ashore, layout_rooms
D:2:      layout_loops_cross
D:3:      wad_river_or_something, layout_basic, first_ration
D:4:      layout_basic, nicolae_overflow_quartered_altars, serial_shops, shop
D:5:      layout_basic, minmay_temple_entry_slanted, uniq_crazy_yiuf_cottage,
          uniq_sigmund
D:6:      layout_cave_pools, grunt_ministairs_12
D:7:      cheibrodos_wizards_tower, layout_gridville, uniq_duvessa, uniq_maggie
D:8:      layout_loops_ring
D:9:      cheibrodos_shockbox, layout_rooms, grunt_lair_entry_orc_guard_hut,
          orc_0_dummy, serial_curves, eino_curves_03, eino_curves_02,
          eino_curves_04
D:10:     layout_cave_pods
D:11:     layout_roguey, hangedman_decor_opposing, uniq_sonja
Abyss:3:  base: D:8, evilmike_abyss_exit_glass, hangedman_abyss_or_decor_clamps,
          evilmike_abyss_rune_siren_acolytes, evilmike_abyss_rune_siren_acolytes

Skill      XL: |  1  2  3  4  5  6  7  8  9 10 11 |
---------------+----------------------------------+-----
Earth Magic    | 4 5 6 7 9 10 | 10.5
Spellcasting   | 3 4 5 7 8 9 |  9.0
Conjurations   | 1 2 |  2.0
Transmutations | 1 2 3 4 |  4.5
Fighting       | 4 6 7 |  7.7
Invocations    | 3 4 |  4.6
Hexes          | 3 |  3.7
Summonings     | 2 |  2.8
Dodging        | |  1.5
Stealth        | |  2.1

Action                   |  1- 3 |  4- 6 |  7- 9 | 10-12 || total
-------------------------+-------+-------+-------+-------++-------
Melee: Unarmed           |    13 |       |       |       ||    13
       Dagger            |   179 |    99 |       |       ||   278
       Whip              |       |     6 |    20 |       ||    26
       Staff             |       |       |    37 |     9 ||    46
Throw: Dart              |       |     1 |    22 |     4 ||    27
 Cast: Sandblast         |    21 |    86 |   142 |    70 ||   319
       Stone Arrow       |       |     2 |    18 |    78 ||    98
       Petrify           |       |       |    10 |     5 ||    15
       Lee's Rapid Decon |       |       |     4 |    12 ||    16
       Summon Mana Viper |       |       |       |     1 ||     1
       Yara's Violent Un |       |       |       |     1 ||     1
Evoke: Wand              |       |     3 |    11 |     2 ||    16
  Use: Scroll            |     4 |     2 |     4 |     8 ||    18
       Potion            |       |     3 |       |       ||     3
 Stab: Sleeping          |     1 |       |     2 |       ||     3
       Petrified         |       |       |    13 |       ||    13
  Eat: Chunk             |     4 |     9 |    18 |     9 ||    40
       Ration            |       |       |     1 |     2 ||     3
Armor: Robe              |    76 |    34 |       |       ||   110
       Leather armour    |       |       |    29 |       ||    29
       Steam dragon scal |       |       |    17 |    38 ||    55
Dodge: Dodged            |   119 |    89 |    65 |    43 ||   316
